 Dungeon Crawl Stone Soup version 0.17-a0-2108-g65e8068 (webtiles) character file.

940 aegget the Grappler (level 7, -5/67 HPs)
             Began as a Troll Monk on Oct 19, 2015.
             Was a Believer of Makhleb.
             Slain by an orc warrior
             ... wielding a +0 short sword
              (21 damage)
             ... on level 6 of the Dungeon.
             The game lasted 00:07:33 (3186 turns).

aegget the Grappler (Troll Monk)                    Turns: 3186, Time: 00:07:33

Health: -5/67      AC:  5    Str: 20    XL:     7   Next: 88%
Magic:  6/6        EV: 11    Int:  6    God:    Makhleb [**....]
Gold:   334        SH:  0    Dex: 14    Spells: 0 memorised, 6 levels left

rFire  . . .     SeeInvis .       - Unarmed
rCold  . . .     Clarity  .     a - +0 robe
rNeg   . . .     SustAt   .     (no shield)
rPois  .         Gourm    +     (helmet restricted)
rElec  .         Spirit   .     (no cloak)
rCorr  .         Warding  .     (gloves unavailable)
rMut   .         Stasis   .     (boots unavailable)
MR     +....                    (no amulet)
Stlth  ++........               (no ring)
                                h - ring of protection from magic

@: somewhat resistant to hostile enchantments, unstealthy
A: unfitting armour, claws 3, fast metabolism 3, gourmand, regeneration 2,
shaggy fur 1, tough skin 2
a: Minor Destruction, Renounce Religion


You were on level 6 of the Dungeon.
You worshipped Makhleb.
Makhleb was pleased with you.
You were full.

You visited 2 branches of the dungeon, and saw 7 of its levels.
You also visited: Ossuary.

You collected 334 gold pieces.

Inventory:

Armour
 a - a +0 robe (worn)
Jewellery
 h - a ring of protection from magic (left claw)
Scrolls
 c - a scroll of remove curse
 d - 3 scrolls of teleportation
 e - 2 scrolls of amnesia {unknown}
 f - 2 scrolls of magic mapping
 k - a scroll of random uselessness {unknown}
 q - 2 scrolls of fear {unknown}
 t - a scroll of fog {unknown}
Potions
 g - 3 potions of curing {unknown}
 l - a potion of cure mutation
 n - 3 potions of agility {unknown}
 o - a potion of resistance
 p - a potion of brilliance
 r - a potion of heal wounds
Books
 s - a book of Power

   Spells                             Type                      Level
   a - Fulminant Prism                Conjuration/Hexes            4
   b - Iskenderun's Mystic Blast      Conjuration                  4
   c - Venom Bolt                     Conjuration/Poison           5
   d - Bolt of Magma                  Conjuration/Fire/Earth       5
   e - Iron Shot                      Conjuration/Earth            6
   f - Orb of Destruction             Conjuration                  7
   g - Spellforged Servitor           Conjuration/Summoning        7
Comestibles
 b - 6 bread rations
 j - 2 fruits
 m - a meat ration


   Skills:
 + Level 3.4 Fighting
 + Level 3.3 Dodging
 - Level 1.1 Stealth
 + Level 9.1 Unarmed Combat


You had 6 spell levels left.
You didn't know any spells.

Dungeon Overview and Level Annotations

Branches:
Dungeon (6/15)             Temple (1/1) D:4

Altars:
Ashenzari
Dithmenos
Fedhas
Kikubaaqudgha
Makhleb
Qazlal
Trog

Annotations:
D:3 Vex's ghost, amateur TrMo
D:4 1 exclusion


Innate Abilities, Weirdness & Mutations

You are too large for most types of armour.
You have claws for hands.
Your metabolism is lightning-fast.
You like to eat raw meat.
You heal very quickly.
You are covered in fur (AC +1).
You have very tough skin (AC +2).


Message History

You claw the orc!
You kill the orc!
Makhleb accepts your kill.
You feel better.
The orc throws a tomahawk.
The tomahawk closely misses you.
You claw the orc warrior!
The orc warrior is moderately wounded.
The orc warrior hits you with a short sword!
You claw the orc warrior!
The orc warrior is heavily wounded.
You scratch the orc warrior but do no damage.
The orc warrior is heavily wounded.
The orc warrior hits you but does no damage.
You claw the orc warrior!
The orc warrior is almost dead.
The orc warrior hits you with a short sword!
* * * LOW HITPOINT WARNING * * *
You closely miss the orc warrior.
The orc warrior is almost dead.
The orc warrior hits you with a short sword!!
You die...

.#..## # #..... . #...#
.## #.. .. ##..# #.##
#... #.. #...# #..###..#
#..######..# #......#
#..........######.....#
#.....)....oo@.....#.##
#..........Z######....##
#.........(## #=....##
##. #...####....#
##......##... ...
##...#.# #.........)..
....###..)###.#
##....###.....
.........##
..##.....##.....#
...#.....#
#...............+
##.).##
#....[...<......#


You could see an orc warrior, an orc and a wyvern zombie.

Vanquished Creatures
  An ice beast (D:5)
  3 ogres
  A centaur (D:5)
  A scorpion (D:5)
  3 hounds
  An orc wizard (D:6)
  An orc priest (D:6)
  A giant frog zombie (D:5)
  An iguana (D:5)
  2 worker ants (D:4)
  5 big kobold zombies (Ossuary)
  2 mummies (Ossuary)
  An adder (D:2)
  3 adder zombies (Ossuary)
  An ooze (D:3)
  An adder skeleton (D:4)
  3 worms
  3 orcs
  8 bats (D:1)
  5 giant cockroaches
  4 gnoll zombies (Ossuary)
  6 goblins
  6 hobgoblins
  6 jackals
  4 kobolds
  A quokka (D:5)
  A ball python (D:2)
  5 giant geckos
  A giant gecko skeleton (D:5)
  6 giant newts
  5 hobgoblin zombies (Ossuary)
  7 kobold zombies (Ossuary)
  4 orc zombies (Ossuary)
  6 rats
109 creatures vanquished.

Vanquished Creatures (others)
  A giant cockroach (D:4)
1 creature vanquished.

Grand Total: 110 creatures vanquished

Notes
Turn   | Place    | Note
--------------------------------------------------------------
     0 | D:1      | aegget the Troll Monk began the quest for the Orb.
     0 | D:1      | Reached XP level 1. HP: 22/22 MP: 0/0
    77 | D:1      | Reached XP level 2. HP: 29/29 MP: 1/1
   361 | D:1      | Reached skill level 5 in Unarmed Combat
   361 | D:1      | Reached XP level 3. HP: 36/36 MP: 2/2
   969 | D:2      | Found a faded altar to an unknown god.
   979 | D:2      | Found a shattered altar of Ashenzari.
  1427 | D:3      | Reached XP level 4. HP: 42/44 MP: 3/3
  1436 | D:3      | Noticed Vex's ghost (amateur TrMo)
  1712 | D:4      | Reached skill level 6 in Unarmed Combat
  1812 | D:4      | Reached XP level 5. HP: 43/50 MP: 4/4
  1836 | D:4      | Found a staircase to the Ecumenical Temple.
  1842 | D:4      | Noticed an ogre
  1851 | D:4      | Killed an ogre
  1851 | D:4      | Reached skill level 7 in Unarmed Combat
  1972 | D:4      | Found a sand-covered staircase.
  1979 | Ossuary  | Entered an ossuary
  2023 | Ossuary  | Reached XP level 6. HP: 56/59 MP: 5/5
  2332 | D:5      | Entered Level 5 of the Dungeon
  2485 | D:5      | Reached skill level 8 in Unarmed Combat
  2582 | D:5      | Reached XP level 7. HP: 55/66 MP: 6/6
  2705 | Temple   | Entered the Ecumenical Temple
  2714 | Temple   | Became a worshipper of Makhleb the Destroyer
  2714 | Temple   | Reached * piety under Makhleb
  2714 | Temple   | Reached ** piety under Makhleb
  2861 | D:5      | Found a shadowy altar of Dithmenos.
  2994 | D:5      | Reached skill level 9 in Unarmed Combat
  3186 | D:6      | Slain by an orc warrior

Vault maps used:
D:1:      dpeg_arrival_court, minivault_11
D:2:      ashenzari_altar_1, first_bread, ecumenical_altar_2
D:3:      serial_co_window_serial, co_window_of_opportunity_a,
          co_window_paths_a, co_window_of_opportunity_a, co_window_corner_a,
          co_window_paths_a, co_window_broadway_c, co_window_cross_3,
          co_window_2corner, co_window_corner_b, co_window_2corner,
          glass_columns_a, minmay_bisected
D:4:      minmay_temple_entry_grid, nicolae_ossuary_entry_plus,
          lemuel_old_faithful
D:5:      grunt_dithmenos_smoke_and_mirrors
D:6:      vehumet_statue, serial_shops, shop, nicolae_shop_behind_doors,
          nicolae_shop_overgrown_old_shop
Temple:   circular_temple_12
Ossuary:  ossuary_tomb_2

Action                   |  1- 3 |  4- 6 |  7- 9 || total
-------------------------+-------+-------+-------++-------
Melee: Unarmed           |    94 |   149 |    49 ||   292
  Use: Scroll            |       |     5 |     3 ||     8
 Stab: Sleeping          |     4 |     3 |     2 ||     9
  Eat: Chunk             |    14 |    12 |     5 ||    31
